 Dungeon Crawl Stone Soup version 0.31-a0-180-g519b7de00c (webtiles) character file.

Game seed: 13092422111529577137

1803 qw the Skirmisher (level 9, 0/81 HPs)
             Began as a Naga Hunter on June 19, 2023.
             Was a Follower of Okawaru.
             Slain by an orc priest
             ... wielding a +0 hand axe
              (1 damage)
             ... on level 6 of the Dungeon.
             The game lasted 00:01:36 (5102 turns).

qw the Skirmisher (Naga Hunter)                     Turns: 5102, Time: 00:01:36

Health: 0/81       AC:  6    Str: 14    XL:     9   Next: 9%
Magic:  6/9        EV: 13    Int: 10    God:    Okawaru [*.....]
Gold:   280        SH:  5    Dex: 18    Spells: 8/8 levels left

rFire   . . .        f - +5 shortbow (heavy)
rCold   + . .        (shield currently unavailable)
rNeg    . . .        c - +0 leather armour
rPois   +            (no helmet)
rElec   .            (no cloak)
rCorr   .            e - +0 pair of gloves
SInv    +            (no barding)
Will    +....        j - amulet of reflection
Stlth   +++          b - ring of protection from cold
HPRegen 0.33/turn    (no ring)
MPRegen 0.11/turn

%: reflection
@: short of breath, heroic, very slow
A: AC +3, large, see invisible, deformed body, poison resistance, slowness 2,
spit poison 1, naga tail 1
a: Spit Poison, Renounce Religion, Heroism


You were on level 6 of the Dungeon.
You worshipped Okawaru.
Okawaru was aware of your devotion.
You visited 2 branches of the dungeon, and saw 7 of its levels.

You collected 280 gold pieces.


Innate Abilities, Weirdness & Mutations

Your serpentine skin is tough. (AC +3)
You have supernaturally acute eyesight. (SInv)
Armour fits poorly on your strangely shaped body.
Your system is resistant to poisons. (rPois)
You cover ground very slowly.
You can spit poison.
You have a snake-like lower body.


   Skills:
 - Level 5.1(10.1) Fighting
 - Level 9.9(14.9) Ranged Weapons
 + Level 0.0(5.0) Armour
 - Level 2.8(7.8) Dodging
 - Level 1.5(6.5) Stealth
 + Level 0.1 Invocations


You had 8 spell levels left.
You didn't know any spells.
Your spell library was empty.

Inventory:

Hand Weapons
 f - a +5 heavy shortbow (weapon)
Armour
 c - a +0 leather armour (worn)
 e - a +0 pair of gloves (worn)
Jewellery
 b - a ring of protection from cold (left hand)
 j - an amulet of reflection (around neck)
 m - a ring of fire
Scrolls
 g - a scroll of identify
 k - a scroll of brand weapon
Potions
 a - a potion of haste
 h - 2 potions of resistance
 i - 2 potions of curing
 l - a potion of cancellation
 n - a potion of might
 o - a potion of degeneration {unknown}
 p - a potion of enlightenment
 q - a potion of lignification {unknown}

Dungeon Overview and Level Annotations

Branches:
Dungeon (6/15)             Temple (1/1) D:4

Altars:
Ashenzari
Dithmenos
Elyvilon
Fedhas
Gozag
Hepliaklqana
Nemelex Xobeh
Okawaru
Qazlal
Ru
Sif Muna
Trog
Uskayaw
Yredelemnul
Zin
The Shining One

Shops:
D:3 [   D:4 :

Annotations:
D:2 1 runed translucent door, Crazy Yiuf


Message History

The lemure departs this earthly plane. x4; You block the orc priest's attack.
The orc priest barely misses you. The orc barely misses you.
The orc hits you with a +0 falchion. You block the bullfrog's attack.
The orc priest hits you with a +0 club.
The orc priest looks encouraged for a moment.
The orc hits you but does no damage. The orc misses you. x2
Your Ranged Weapons skill increases to level 9!
You have reached level 9!
Your experience leads to an increase in your attributes!
Increase (S)trength, (I)ntelligence, or (D)exterity?
You feel agile. x2; Your skin feels tougher.
5099 ||| INVOKING Heroism.
You gain the combat prowess of a mighty hero.
The bullfrog hits you. The orc barely misses you.
The orc hits you but does no damage. You block the orc priest's attack.
The orc hits you with a +0 whip.
The orc priest hits you but does no damage.
The orc hits you with a +0 falchion.
You shoot an arrow. The arrow barely misses the bullfrog.
The bullfrog hits you. The bullfrog barely misses you.
The orc hits you with a +0 hand axe.
The orc priest hits you with a +0 hand axe.
The orc hits you with a +0 flail!
The orc priest hits you but does no damage.
The orc misses you. You block the orc's attack.
You shoot an arrow. The arrow hits the bullfrog!
The bullfrog is heavily wounded.
You have got your breath back.
You block the bullfrog's attack. The orc misses you.
The orc priest closely misses you. The orc barely misses you.
The orc misses you. You block the orc priest's attack.
The orc closely misses you. The bullfrog hits you.
5102 ||| INVOKING Spit Poison.
Aiming: Spit Poison (1% risk of failure)
Press: ? - help, Shift-Dir - straight line, f/p - bullfrog The splash of poison hits the bullfrog.
The bullfrog is severely wounded.
The bullfrog barely misses you. You block the orc's attack.
The orc priest hits you with a +0 hand axe.
You die...

#.... #.... ....
# ... ## ..##.
.. .#
#.?..#'###.#
##..oF.#.####
#..¤o@o.>...#
#...ooo.....#
...!.....<....#
#..............#
#......#.......#
..........#+####
.......####
.#####


You could see a bullfrog, 2 orc priests and 4 orcs.

Vanquished Creatures
  Pikel (D:6)
  Sigmund (D:2)
  A steam dragon (D:6)
  Menkaure (D:4)
  A black bear (D:4)
  An ice beast (D:5)
  Blork the orc (D:4)
  3 scorpions (D:5)
  5 hounds
  An orc priest (D:4)
  Jessica (D:2)
  2 iguanas
  Ijyb (D:3)
  Natasha (twice) (D:3)
  An orc wizard (D:3)
  4 gnolls (D:3)
  5 adders
  A worm (D:2)
  3 dart slugs
  11 orcs
  8 endoplasms
  4 giant cockroaches
  8 goblins
  5 hobgoblins
  4 jackals (D:2)
  3 quokkas
  4 ball pythons
  2 bats
  A frilled lizard (D:1)
  6 kobolds
  4 rats
96 creatures vanquished.

Notes
Turn   | Place    | Note
-------+----------+-------------------------------------------
     0 | D:1      | qw the Naga Hunter began the quest for the Orb.
     0 | D:1      | Reached XP level 1. HP: 19/19 MP: 1/1
     0 | D:1      | 0 ||| qw: Version: 0.3-a-7-ge0c9b40
     0 | D:1      | 0 ||| qw: Game counter: 966
     0 | D:1      | 0 ||| qw: Always use a shield: true
     0 | D:1      | 0 ||| qw: God list: Okawaru
     0 | D:1      | 0 ||| qw: Allow faded altars: false
     0 | D:1      | 0 ||| qw: Do Orc after D:15 true
     0 | D:1      | 0 ||| qw: Do second Lair branch before Depths: true
     0 | D:1      | 0 ||| qw: Lair rune preference: random
     0 | D:1      | 0 ||| qw: Plans: Normal
     0 | D:1      | 0 ||| PLANNING D:1-11
   109 | D:1      | Found a faded altar of an unknown god.
   112 | D:1      | 112 ||| INVOKING Spit Poison.
   149 | D:1      | 149 ||| INVOKING Spit Poison.
   156 | D:1      | 156 ||| INVOKING Spit Poison.
   160 | D:1      | 160 ||| INVOKING Spit Poison.
   171 | D:1      | Reached skill level 4 in Ranged Weapons
   171 | D:1      | Reached XP level 2. HP: 26/26 MP: 2/2
   227 | D:1      | 227 ||| INVOKING Spit Poison.
   231 | D:1      | 231 ||| INVOKING Spit Poison.
   277 | D:1      | 277 ||| INVOKING Spit Poison.
   288 | D:1      | 288 ||| INVOKING Spit Poison.
   361 | D:1      | 361 ||| INVOKING Spit Poison.
   588 | D:1      | 588 ||| INVOKING Spit Poison.
   765 | D:1      | 765 ||| UPGRADING to +0 pair of gloves.
   770 | D:1      | 770 ||| DROPPING ring of magical power.
   771 | D:1      | 771 ||| READING scroll labelled GITRUSE ENKURI.
   772 | D:1      | 772 ||| READING 2 scrolls labelled USTUBU UMUIQAI.
   773 | D:1      | 773 ||| READING scroll labelled ZAJIOKYFFI.
   774 | D:1      | 774 ||| READING scroll labelled VOR CUVORUREN.
   778 | D:1      | 778 ||| DROPPING scroll of butterflies.
   779 | D:1      | 779 ||| DROPPING scroll of noise.
   827 | D:2      | 827 ||| INVOKING Spit Poison.
   833 | D:2      | 833 ||| INVOKING Spit Poison.
   834 | D:2      | 834 ||| INVOKING Spit Poison.
   839 | D:2      | Reached XP level 3. HP: 17/32 MP: 3/3
   840 | D:2      | 840 ||| INVOKING Spit Poison.
   908 | D:2      | Noticed Jessica
   910 | D:2      | 910 ||| INVOKING Spit Poison.
   911 | D:2      | Killed Jessica
   912 | D:2      | Reached skill level 5 in Ranged Weapons
   912 | D:2      | Reached XP level 4. HP: 39/39 MP: 4/4
   929 | D:2      | Noticed Sigmund
   933 | D:2      | 933 ||| INVOKING Spit Poison.
   936 | D:2      | 936 ||| INVOKING Spit Poison.
   945 | D:2      | 945 ||| INVOKING Spit Poison.
   945 | D:2      | Killed Sigmund
   946 | D:2      | Reached XP level 5. HP: 32/51 MP: 5/5
  1031 | D:2      | 1031 ||| INVOKING Spit Poison.
  1037 | D:2      | Reached XP level 6. HP: 56/58 MP: 6/6
  1108 | D:2      | Identified the +1 dagger of Xuuri Mue {spect, rPois rF-
                  | Str-5 Int+6}
  1193 | D:2      | 1193 ||| INVOKING Spit Poison.
  1196 | D:2      | 1196 ||| INVOKING Spit Poison.
  1220 | D:2      | 1220 ||| INVOKING Spit Poison.
  1266 | D:2      | Found a runed translucent door.
  1267 | D:2      | Noticed Crazy Yiuf
  1458 | D:2      | 1458 ||| INVOKING Spit Poison.
  1466 | D:2      | 1466 ||| INVOKING Spit Poison.
  1500 | D:2      | 1500 ||| READING scroll of enchant weapon.
  1500 | D:2      | 1500 ||| ENCHANTING +1 shortbow.
  1512 | D:2      | 1512 ||| INVOKING Spit Poison.
  1536 | D:2      | 1536 ||| INVOKING Spit Poison.
  1692 | D:2      | 1692 ||| INVOKING Spit Poison.
  1698 | D:2      | 1698 ||| INVOKING Spit Poison.
  1739 | D:2      | 1739 ||| INVOKING Spit Poison.
  1748 | D:2      | 1748 ||| INVOKING Spit Poison.
  1846 | D:2      | 1846 ||| DROPPING +2 sling of draining.
  2091 | D:2      | 2091 ||| UPGRADING to amulet of reflection.
  2096 | D:2      | 2096 ||| UPGRADING to ring of protection from cold.
  2097 | D:2      | 2097 ||| READING scroll labelled SELOZX UTUOTU.
  2098 | D:2      | 2098 ||| READING 3 scrolls labelled QOARUE NIERU.
  2099 | D:2      | 2099 ||| READING scroll labelled TAOVVI USORY.
  2100 | D:2      | 2100 ||| DRINKING 2 viscous clear potions.
  2101 | D:2      | 2101 ||| READING 2 scrolls of identify.
  2101 | D:2      | 2101 ||| IDENTIFYING metallic pink potion
  2196 | D:3      | 2196 ||| INVOKING Spit Poison.
  2236 | D:3      | 2236 ||| INVOKING Spit Poison.
  2239 | D:3      | 2239 ||| INVOKING Spit Poison.
  2244 | D:3      | 2244 ||| INVOKING Spit Poison.
  2261 | D:3      | 2261 ||| INVOKING Spit Poison.
  2264 | D:3      | 2264 ||| INVOKING Spit Poison.
  2346 | D:3      | 2346 ||| INVOKING Spit Poison.
  2349 | D:3      | 2349 ||| INVOKING Spit Poison.
  2352 | D:3      | 2352 ||| INVOKING Spit Poison.
  2355 | D:3      | 2355 ||| INVOKING Spit Poison.
  2391 | D:3      | Found Yjunn's Armour Emporium.
  2399 | D:3      | 2399 ||| SHOPLISTING +1 helmet of see invisible (198 gold,
                  | have 108).
  2401 | D:3      | 2401 ||| INVOKING Spit Poison.
  2418 | D:3      | 2418 ||| INVOKING Spit Poison.
  2422 | D:3      | 2422 ||| INVOKING Spit Poison.
  2746 | D:3      | 2746 ||| INVOKING Spit Poison.
  2784 | D:3      | 2784 ||| INVOKING Spit Poison.
  2864 | D:3      | Noticed Natasha
  2865 | D:3      | 2865 ||| INVOKING Spit Poison.
  2868 | D:3      | 2868 ||| INVOKING Spit Poison.
  2868 | D:3      | Killed Natasha
  2890 | D:3      | 2890 ||| INVOKING Spit Poison.
  2894 | D:3      | 2894 ||| INVOKING Spit Poison.
  2901 | D:3      | Noticed Natasha
  2902 | D:3      | 2902 ||| INVOKING Spit Poison.
  2903 | D:3      | Killed Natasha
  2904 | D:3      | Reached skill level 6 in Ranged Weapons
  2920 | D:3      | Noticed Ijyb
  2921 | D:3      | 2921 ||| INVOKING Spit Poison.
  2924 | D:3      | 2924 ||| INVOKING Spit Poison.
  2925 | D:3      | Killed Ijyb
  3099 | D:3      | 3099 ||| READING scroll labelled URUREP SEYKK.
  3100 | D:3      | 3100 ||| READING scroll labelled DANEAT ALILE.
  3101 | D:3      | 3101 ||| READING scroll labelled NISYNU EREB.
  3196 | D:3      | 3196 ||| READING 2 scrolls of identify.
  3196 | D:3      | 3196 ||| IDENTIFYING clear potion
  3212 | D:4      | 3212 ||| INVOKING Spit Poison.
  3215 | D:4      | Reached XP level 7. HP: 66/66 MP: 7/7
  3220 | D:4      | Found a sparkling altar of Nemelex Xobeh.
  3229 | D:4      | 3229 ||| INVOKING Spit Poison.
  3272 | D:4      | Noticed Blork the orc
  3273 | D:4      | 3273 ||| INVOKING Spit Poison.
  3276 | D:4      | 3276 ||| INVOKING Spit Poison.
  3277 | D:4      | HP: 3/66 [Blork the orc/+0 scimitar (14)]
  3278 | D:4      | 3278 ||| READING scroll of teleportation.
  3279 | D:4      | 3279 ||| DRINKING potion of heal wounds.
  3280 | D:4      | Killed Blork the orc
  3282 | D:4      | 3282 ||| FLEEEEING.
  3283 | D:4      | 3283 ||| STAIRDANCE
  3434 | D:4      | 3434 ||| INVOKING Spit Poison.
  3437 | D:4      | Reached skill level 7 in Ranged Weapons
  3504 | D:4      | Noticed Menkaure
  3510 | D:4      | Killed Menkaure
  3544 | D:4      | Found a stormy altar of Qazlal.
  3561 | D:4      | Found a staircase to the Ecumenical Temple.
  3563 | D:4      | 3563 ||| PLANNING TEMPLE
  3563 | D:4      | 3563 ||| READING 3 scrolls of identify.
  3563 | D:4      | 3563 ||| IDENTIFYING blue potion
  3564 | D:4      | 3564 ||| READING 2 scrolls of identify.
  3564 | D:4      | 3564 ||| IDENTIFYING dark potion
  3574 | Temple   | Entered the Ecumenical Temple
  3690 | Temple   | 3690 ||| PLANNING OKAWARU WORSHIP
  3768 | Temple   | Became a worshipper of Warmaster Okawaru
  3769 | Temple   | 3769 ||| PLANNING D:1-11
  3789 | D:4      | Found Zeusurefoo's Book Shop.
  4035 | D:4      | 4035 ||| INVOKING Spit Poison.
  4040 | D:4      | 4040 ||| INVOKING Spit Poison.
  4045 | D:4      | 4045 ||| INVOKING Spit Poison.
  4289 | D:4      | 4289 ||| READING scroll labelled JOSIVE JUZUTU.
  4290 | D:4      | 4290 ||| READING scroll labelled ESOZEOZOAF.
  4291 | D:4      | 4291 ||| DRINKING 2 metallic blue potions.
  4292 | D:4      | 4292 ||| DRINKING 2 viscous dark potions.
  4293 | D:4      | 4293 ||| READING 2 scrolls of identify.
  4293 | D:4      | 4293 ||| IDENTIFYING white potion
  4294 | D:4      | 4294 ||| DROPPING potion of attraction.
  4308 | D:5      | Entered Level 5 of the Dungeon
  4320 | D:5      | 4320 ||| INVOKING Spit Poison.
  4325 | D:5      | 4325 ||| INVOKING Spit Poison.
  4327 | D:5      | Reached XP level 8. HP: 69/73 MP: 8/8
  4354 | D:5      | 4354 ||| INVOKING Spit Poison.
  4369 | D:5      | 4369 ||| INVOKING Spit Poison.
  4389 | D:5      | 4389 ||| INVOKING Spit Poison.
  4392 | D:5      | 4392 ||| INVOKING Spit Poison.
  4449 | D:5      | Reached skill level 8 in Ranged Weapons
  4450 | D:5      | 4450 ||| READING 3 scrolls of enchant weapon.
  4450 | D:5      | 4450 ||| ENCHANTING +2 heavy shortbow.
  4451 | D:5      | 4451 ||| READING 2 scrolls of enchant weapon.
  4451 | D:5      | 4451 ||| ENCHANTING +3 heavy shortbow.
  4452 | D:5      | 4452 ||| READING scroll of enchant weapon.
  4452 | D:5      | 4452 ||| ENCHANTING +4 heavy shortbow.
  4463 | D:5      | 4463 ||| INVOKING Spit Poison.
  4470 | D:5      | 4470 ||| INVOKING Spit Poison.
  4476 | D:5      | 4476 ||| INVOKING Spit Poison.
  4482 | D:5      | 4482 ||| INVOKING Spit Poison.
  4623 | D:5      | 4623 ||| INVOKING Spit Poison.
  4628 | D:5      | 4628 ||| INVOKING Spit Poison.
  4720 | D:5      | Found a sacrificial altar of Ru.
  4788 | D:5      | 4788 ||| INVOKING Spit Poison.
  4789 | D:5      | Reached * piety under Okawaru
  4792 | D:5      | 4792 ||| INVOKING Spit Poison.
  4795 | D:5      | 4795 ||| INVOKING Spit Poison.
  4800 | D:5      | 4800 ||| INVOKING Spit Poison.
  4890 | D:5      | Found an opulent altar of Gozag.
  5081 | D:6      | 5081 ||| INVOKING Spit Poison.
  5082 | D:6      | 5082 ||| Stepping ~*~*~tactically~*~*~ (cloud).
  5083 | D:6      | Noticed Pikel
  5085 | D:6      | 5085 ||| INVOKING Heroism.
  5086 | D:6      | 5086 ||| INVOKING Spit Poison.
  5090 | D:6      | HP: 13/74 [Pikel/+0 whip of flaming (6)]
  5091 | D:6      | 5091 ||| DRINKING 2 potions of heal wounds.
  5092 | D:6      | 5092 ||| INVOKING Spit Poison.
  5095 | D:6      | HP: 18/74 [orc/+0 falchion (6)]
  5096 | D:6      | 5096 ||| DRINKING potion of heal wounds.
  5097 | D:6      | 5097 ||| INVOKING Spit Poison.
  5098 | D:6      | Killed Pikel
  5099 | D:6      | Reached skill level 9 in Ranged Weapons
  5099 | D:6      | Reached XP level 9. HP: 25/81 MP: 7/9
  5099 | D:6      | 5099 ||| INVOKING Heroism.
  5100 | D:6      | HP: 18/81 [bullfrog (2)]
  5100 | D:6      | HP: 7/81 [orc/+0 flail (7)]
  5101 | D:6      | HP: 1/81 [bullfrog (6)]
  5102 | D:6      | 5102 ||| INVOKING Spit Poison.
  5102 | D:6      | Slain by an orc priest

Levels and vault maps discovered:
D:1:      saegor_arrival_simple_a, layout_basic, serial_forest,
          infiniplex_forest_fountain, infiniplex_forest_clump_C,
          infiniplex_forest_split, infiniplex_forest_lined_corner,
          infiniplex_forest_clump_medium, infiniplex_forest_straight_3,
          hellmonk_ecumenical_altar_pennies_from_heaven, solitary_fountain
D:2:      kb_forest_paths, layout_loops_corners, uniq_sigmund,
          uniq_crazy_yiuf_cottage, uniq_jessica
D:3:      layout_basic, serial_shops, shop, uniq_ijyb, uniq_natasha
D:4:      layout_rooms, mainiacjoe_overflow_paths, kennysheep_mini_moat,
          minmay_temple_entry_butterflies, serial_shops, nicolae_shop_peninsula,
          grunt_decor_clamped, minmay_door_square, uniq_blork_the_orc,
          uniq_menkaure
D:5:      nicolae_cairo_tiling_large_dashed, layout_basic, grunt_gozag_statues,
          nicolae_ru_the_path_less_chosen
D:6:      layout_basic, uniq_pikel
Temple:   nicolae_temple_slightly_damp_pantheon

Skill      XL: |  1  2  3  4  5  6  7  8 |
---------------+-------------------------+-----
Ranged Weapons | 4 5 6 7 9 |  9.9
Fighting       | 4 5 |  5.1
Dodging        | 2 |  2.8
Stealth        | |  1.5
Invocations    | |  0.1

Action                     |  1- 3 |  4- 6 |  7- 9 || total
---------------------------+-------+-------+-------++-------
   Fire: Shortbow          |    30 |    74 |    88 ||   192
 Invoke: Heroism           |       |       |     2 ||     2
Ability: Spit Poison       |    14 |    38 |    28 ||    80
    Use: Scroll            |     4 |     9 |     9 ||    22
         Potion            |       |     1 |     5 ||     6
 Armour: Leather armour    |     2 |     5 |    13 ||    20
         Skin              |       |     2 |       ||     2
  Dodge: Dodged            |    10 |     8 |    44 ||    62
  Block: Other             |       |     4 |    23 ||    27

Table legend:
 A = Non-vault XP
 B = Vault XP
 C = Vault XP percentage of total XP
 D = Non-vault monster count
 E = Vault monster count
 F = Vault count percentage of total count
                 A         B        C        D         E       F
            +---------+---------+-------+---------+---------+-------
      Total |    1333 |    1243 |  48.3 |      83 |      13 |  13.5
            +---------+---------+-------+---------+---------+-------
        D:1 |      25 |       0 |   0.0 |      14 |       0 |   0.0
        D:2 |      55 |     281 |  83.6 |      17 |       8 |  32.0
        D:3 |     171 |      70 |  29.0 |      21 |       2 |   8.7
        D:4 |     286 |     275 |  49.0 |      14 |       2 |  12.5
        D:5 |     615 |       0 |   0.0 |      16 |       0 |   0.0
        D:6 |     181 |     617 |  77.3 |       1 |       1 |  50.0
            +---------+---------+-------+---------+---------+-------
